 Dungeon Crawl Stone Soup version 0.30-a0-777-ga9a30cbeda (webtiles) character file.

Game seed: 13449426936225333178

345 dolemite99 the Shooter (level 6, -7/50 HPs)
             Began as a Hill Orc Hunter on Feb 14, 2023.
             Was an Initiate of Ashenzari.
             Killed from afar by Eustachio (9 damage)
             ... with a puff of flame
             ... on level 4 of the Dungeon.
             The game lasted 00:02:37 (3800 turns).

dolemite99 the Shooter (Hill Orc Hunter)            Turns: 3800, Time: 00:02:38

Health: -7/50      AC:  3    Str:  7 (14) XL:     6   Next: 58%
Magic:  6/6        EV:  8    Int:  9      God:    Ashenzari [......]
Gold:   161        SH:  0    Dex: 16      Spells: 5/5 levels left

rFire   . . .      SeeInvis .    a - +0 shortbow
rCold   . . .      Faith    .    (shield currently unavailable)
rNeg    . . .      Spirit   .    c - +0 leather armour
rPois   .          Reflect  .    (no helmet)
rElec   .          Harm     .    (no cloak)
rCorr   .          Rampage  .    (no gloves)
Will    .....                    (no boots)
Stlth   +                        (no amulet)
HPRegen 0.28/turn                (no ring)
MPRegen 0.10/turn                (no ring)

@: mighty, grasped by roots, hasted, constricted
A: no striking features
a: Renounce Religion, Curse Item


You were on level 4 of the Dungeon.
You worshipped Ashenzari.
Ashenzari was noncommittal.
You visited 1 branch of the dungeon, and saw 4 of its levels.

You collected 161 gold pieces.

Inventory:

Hand Weapons
 a - a +0 shortbow (weapon)
 q - a +1 dagger of venom
Missiles
 n - 3 silver javelins
Armour
 c - a +0 leather armour (worn)
Jewellery
 e - a ring of magical power
 h - a +5 ring of evasion
 m - a ring of wizardry
Scrolls
 b - 2 scrolls of immolation
 i - 3 scrolls of teleportation {unknown}
 j - 3 scrolls of fog {unknown}
 k - a scroll of magic mapping {unknown}
 t - a scroll of poison {unknown}
 u - a scroll of torment {unknown}
Potions
 d - 2 potions of magic {unknown}
 f - a potion of attraction {unknown}
 g - 5 potions of curing {unknown}
 l - 2 potions of cancellation {unknown}
 o - a potion of degeneration {unknown}
 r - a potion of heal wounds {unknown}
 s - 2 potions of mutation {unknown}


   Skills:
 - Level 2.4 Fighting
 + Level 7.0 Ranged Weapons
 - Level 1.5 Dodging
 - Level 0.7 Stealth


You had 5 spell levels left.
You didn't know any spells.
Your spell library contained the following spells:

 Spells                   Type           Power      Damage    Failure   Level
 Apportation              Tloc           0%         N/A       52%         1
 Freeze                   Ice            0%         1d3       52%         1
 Frozen Ramparts          Ice            0%         1d1       88%         3
 Hailstorm                Conj/Ice       0%         3d3       88%         3
 Portal Projectile        Hex/Tloc       0%         N/A       88%         3
 Tukima's Dance           Hex            0%         N/A       88%         3
 Vhi's Electric Charge    Tloc/Air       0%         N/A       88%         3
 Alistair's Intoxication  Tmut/Pois      0%         N/A       100%        5
 Arcjolt                  Conj/Air       0%         1d10      100%        5
 Blade Hands              Tmut           0%         N/A       100%        5
 Maxwell's Capacitive Co  Air            0%         ∞         100%        8


Dungeon Overview and Level Annotations

Branches:
Dungeon (4/15)             Temple (0/1) D:4

Altars:
Ashenzari
Cheibriados
Fedhas
Hepliaklqana
Okawaru
Ru
Zin
The Shining One

Annotations:
D:3 2 transporters, sircluck's ghost, weakling GnRe
D:4 Eustachio


Message History

The roots erupt in riotous growth!
The rat is unaffected.
Eustachio is unaffected.
The shadow imp is unaffected.
The grasping roots grab you! The grasping roots constrict you.
* * * LOW HITPOINT WARNING * * *
Eustachio hits you with a +0 falchion.
* * * LOW HITPOINT WARNING * * *
Fire: a) +0 shortbow
Press: ? - help, Q - select action, (/) - cycle Shift-Dir - straight line, f/p - Eustachio
Aim: Eustachio, wielding a +0 falchion, wearing a +0 leather armour and carrying a wand of flame (17) (severely wounded, 54% to hit)
You shoot an arrow. The arrow closely misses Eustachio.
The arrow hits the ufetubus but does no damage.
The bat hits you but does no damage. The rat bites you but does no damage.
The grasping roots constrict you.
* * * LOW HITPOINT WARNING * * *
Eustachio casts a spell.
The shadow imp hits you but does no damage.
Fire: a) +0 shortbow
Press: ? - help, Q - select action, (/) - cycle Shift-Dir - straight line, f/p - Eustachio
Aim: Eustachio, wielding a +0 falchion, wearing a +0 leather armour and carrying a wand of flame (17) (severely wounded, 54% to hit)
You shoot an arrow.
The arrow hits Eustachio but does no damage.
Eustachio is severely wounded.
The shadow imp disappears in a puff of smoke!
The ufetubus disappears in a puff of smoke!
The rat bites you but does no damage. The bat barely misses you.
The grasping roots constrict you.
* * * LOW HITPOINT WARNING * * *
Eustachio mumbles some strange words.
Fire: a) +0 shortbow
Press: ? - help, Q - select action, (/) - cycle Shift-Dir - straight line, f/p - Eustachio
Aim: Eustachio, wielding a +0 falchion, wearing a +0 leather armour and carrying a wand of flame (17) (severely wounded, 54% to hit)
You shoot an arrow.
The arrow hits Eustachio but does no damage.
Eustachio is severely wounded.
The bat hits you but does no damage. The shadow imp hits you.
* * * LOW HITPOINT WARNING * * *
The rat barely misses you. The bat hits you but does no damage.
Eustachio zaps a wand.
The puff of flame hits you!
You die...

..........# #.#.#.# #.#
..#######.# #.#.#.#########.#
..........# #.#.#...........#
#.############.#.#############
......>.........†....)..
##############.#.######
#.....†<.......#.#
#.###.......####b######. #.#
#........r5@@5...... #.#
#..........gr....... #.#
#..........5........ #.#
#.......####.######. ..#
#.......# #.# ### #.......#
#.# #.......# #.# ...


You could see Eustachio, a quasit (summoned), a white imp (summoned), a shadow
imp (summoned), a quokka (summoned), a goblin, a bat (summoned) and a rat
(summoned).

Vanquished Creatures
  A phantom (D:4)
  2 jellies (D:4)
  A hound (D:4)
  An iguana (D:4)
  8 adders
  A dart slug (D:2)
  An orc (D:3)
  5 bats
  7 endoplasms
  8 giant cockroaches
  5 hobgoblins
  7 jackals (D:3)
  13 kobolds
  4 quokkas
  9 ball pythons
  4 frilled lizards
  7 goblins
  3 rats (D:1)
87 creatures vanquished.

Notes
Turn   | Place    | Note
-------+----------+-------------------------------------------
     0 | D:1      | dolemite99 the Hill Orc Hunter began the quest for the Orb.
     0 | D:1      | Reached XP level 1. HP: 18/18 MP: 1/1
   135 | D:1      | Reached skill level 4 in Ranged Weapons
   135 | D:1      | Reached XP level 2. HP: 11/25 MP: 2/2
  1333 | D:2      | Reached XP level 3. HP: 30/30 MP: 3/3
  1437 | D:2      | Found a faded altar of an unknown god.
  1588 | D:2      | Prayed at the altar of an unknown god.
  1588 | D:2      | Became a worshipper of Cheibriados the Contemplative
  1588 | D:2      | Reached * piety under Cheibriados
  1741 | D:2      | Identified the +1 robe of Supple Strength {-Tele rN++
                  | Int+4}
  1870 | D:2      | Reached skill level 5 in Ranged Weapons
  1870 | D:2      | Reached XP level 4. HP: 37/37 MP: 4/4
  2233 | D:3      | Reached ** piety under Cheibriados
  2389 | D:3      | Found a sacrificial altar of Ru.
  2390 | D:3      | Found a glowing silver altar of Zin.
  2390 | D:3      | Found a blossoming altar of Fedhas.
  2391 | D:3      | Found an iron altar of Okawaru.
  2391 | D:3      | Found a glowing golden altar of the Shining One.
  2391 | D:3      | Found a hazy altar of Hepliaklqana.
  2392 | D:3      | Found a broken altar of Ashenzari.
  2406 | D:3      | Fell from the grace of Cheibriados
  2406 | D:3      | Became a worshipper of Ashenzari the Shackled
  2455 | D:3      | Found a transporter.
  2455 | D:3      | Noticed sircluck's ghost (weakling GnRe)
  2547 | D:3      | Found a transporter.
  2608 | D:3      | Reached XP level 5. HP: 42/42 MP: 5/5
  3087 | D:4      | Reached skill level 6 in Ranged Weapons
  3275 | D:4      | Reached XP level 6. HP: 50/50 MP: 6/6
  3372 | D:4      | Found a staircase to the Ecumenical Temple.
  3486 | D:4      | Reached skill level 7 in Ranged Weapons
  3783 | D:4      | Noticed Eustachio
  3800 | D:4      | HP: 2/50 [shadow imp[Eustachio] (3)]
  3800 | D:4      | Killed from afar by Eustachio

Illustrated notes

Levels and vault maps discovered:
D:1:      psy_arrival_heroes, layout_basic
D:2:      layout_loops_ring, hellmonk_ecumenical_altar_lost_god, minmay_between
D:3:      layout_basic, grunt_temple_overflow_open, gammafunk_ghost_stat_death,
          kennysheep_generic_room_14
D:4:      layout_basic, minmay_temple_entry_grid, kennysheep_generic_room_13,
          uniq_eustachio

Skill      XL: |  1  2  3  4  5  6 |
---------------+-------------------+-----
Ranged Weapons | 4 5 6 7 |  7.0
Fighting       | |  2.4
Dodging        | |  1.5
Stealth        | |  0.7

Action                     |  1- 3 |  4- 6 || total
---------------------------+-------+-------++-------
   Fire: Shortbow          |   116 |   176 ||   292
    Use: Potion            |       |     2 ||     2
         Scroll            |       |     1 ||     1
 Armour: Leather armour    |    22 |    46 ||    68
  Dodge: Dodged            |    38 |    71 ||   109

Table legend: (Time is in decaauts)
 A = Elapsed time spent in this place.
 B = Non-inter-level travel time spent in this place.
 C = Inter-level travel time spent in this place.
 D = Time resting spent in this place.
 E = Time spent auto-exploring this place.
 F = Levels seen in this place.
 G = Mean time per level.
                   A        B        C        D        E       F      G
               +--------+--------+--------+--------+--------+-----+--------+
         Total |   4582 |   4437 |    145 |    864 |   2900 |   4 | 1145.5 |
       Dungeon |   4582 |   4437 |    145 |    864 |   2900 |   4 | 1145.5 |
               +--------+--------+--------+--------+--------+-----+--------+

Top non-repeatable levels by time:
     D:1: 1331 daAuts
     D:4: 1306 daAuts
     D:2: 981 daAuts
     D:3: 964 daAuts
